Match 46228756
Unlisted

Match 46228756
End
Selects Luftwaffe Battlegroup
Selects Luftwaffe Pioneer Support
Fallschirmpioneer Squad Paradrop
Construct Infanterie Kompanie
MG 42 Machine Gun Team
Fallschirmpioneer Squad Paradrop
Construct Panzergrenadier Kompanie
Fallschirmpioneer Squad Paradrop
Medical Station
Pak 40 Anti-tank Gun Team
Selects Stuka Strafing Run
Selects Fallschirmjäger Squad Paradrop
Fallschirmjäger Squad Paradrop
Stuka Strafing Run
Construct Panzer Kompanie
Stuka Strafing Run
Sturmpanzer IV Brummbär
Selects Flak 38 Anti-Air Emplacement
Selects Flak 36 Anti-tank Gun Emplacement
Pioneer Squad
Panzer IV Medium Tank
Selects Fragmentation Bombs
Panzer Officer Quarters
Fragmentation Bombs
Panzer IV Medium Tank
Side Skirts
Fragmentation Bombs
Fragmentation Bombs
Fragmentation Bombs
Stuka Strafing Run
Panzer IV Medium Tank
Panzer IV Medium Tank
Fragmentation Bombs
Panzer IV Medium Tank
Stuka Strafing Run
Fragmentation Bombs
Panzer IV Medium Tank
Panzer IV Medium Tank
Panzer IV Medium Tank
Stuka Strafing Run
[EC] Slip~Slide
[EC] tribecalledbrett
[EC] Comrade Sniper
Dark Lord Cthulhu
Romaneck
Bebop
Cylar
JVM
0
0

Comments sign in to comment!

No comments posted yet!